rage against M8

Match 28233257
End
Construct Barracks
Scout Squad
1⁄4-ton 4x4 Truck
Selects Armored Battlegroup
Selects Armored Battlegroup
Selects Veteran Crews
Riflemen Squad
Riflemen Squad
Infantry Support Center
Riflemen Squad
Construct Motor Pool
M8 Greyhound Armored Car
Selects M31 Recovery Vehicle
Selects War Machine
Engineer Squad
Construct Medical Station
Selects Fast Deploy
M8 Greyhound Armored Car
M1 Anti-tank Gun Team
M1 Mortar Team
M8 Greyhound Armored Car
Selects M8 Scott SPG
Riflemen Squad
M24 Chaffee Light Tank
Grenade Package
Advanced Logistics
Riflemen Squad
smallNhii
Grunt
0
0

Comments sign in to comment!

smallNhii [U] 11 months ago

What wrong with WeH player: 1/ lost 20 Flak gun due to overextend. 2/ Feed 1st Winberwind. 3/ Keep going Winberwind instead of Saving fuel for tier 4. 4/ Let marder 3M stay alone in front of 3 Greyhound !!!?. 5/ Rage